 Dungeon Crawl Stone Soup version 0.28-a0-1184-g53156a8862 (webtiles) character file.

Game seed: 6444744947383911981

17197 snetch the Fighter (level 12, 0/113 HPs)
             Began as a Minotaur Berserker on Dec 15, 2021.
             Was a High Priest of Trog.
             Slain by Snorg (19 damage)
             ... on level 11 of the Dungeon on Dec 17, 2021.
             The game lasted 00:37:40 (11162 turns).

snetch the Fighter (Minotaur Berserker)            Turns: 11162, Time: 00:37:41

Health: 0/113      AC: 26    Str: 34    XL:     12   Next: 16%
Magic:  0/3        EV: 17    Int:  4    God:    Trog [*****.]
Gold:   641        SH:  0    Dex: 18    Spells: 11/11 levels left

rFire   . . .      SeeInvis .   a - +8 Wrath of Trog {antimagic, *Rage Rampage}
rCold   . . .      Faith    .   (shield currently unavailable)
rNeg    . . .      Spirit   +   V - +3 scale mail {Will+}
rPois   .          Reflect  .   m - +2 hat of the Weaver {Str+9 Int+2}
rElec   .          Harm     .   o - +0 cloak
rCorr   .          Rampage  +   J - +2 pair of gloves
Will    +....      Rage     50% x - +2 pair of boots
Stlth   +.........              G - amulet of guardian spirit
HPRegen 0.28/turn               H - +4 ring of protection
MPRegen 0.08/turn               N - +6 ring of dexterity

@: on berserk cooldown
A: horns 2, retaliatory headbutt, dopey 1
a: Renounce Religion, Berserk, Trog's Hand, Brothers in Arms


You were on level 11 of the Dungeon.
You worshipped Trog.
Trog was extremely pleased with you.
You visited 2 branches of the dungeon, and saw 12 of its levels.
You also visited: Sewer.

You collected 821 gold pieces.
You spent 180 gold pieces at shops.

Inventory:

Hand Weapons
 a - the +8 Wrath of Trog (weapon) {antimagic, *Rage Rampage}
   (You acquired it on level 8 of the Dungeon)

   It reduces the magical energy of the wielder, and disrupts the spells and
   magical abilities of those it strikes.
   Natural abilities and divine invocations are not affected.
   It causes slowness and exhaustion when equipped.
   It extends the wielder's berserk rage when killing foes.
   *Rage:     It berserks you when you make melee attacks (+50% chance).
   Rampage:   It bestows one free step when moving towards enemies.
 b - a +2 flail of protection
 c - a +1 vorpal trident
 d - a +2 war axe of venom
 z - a +0 hand axe of flaming
Missiles
 g - 26 sling bullets
 h - 187 arrows
 i - 335 stones
 k - 15 boomerangs
 t - 4 curare-tipped darts
 u - 52 poisoned darts (quivered)
 y - 4 throwing nets
 A - 46 bolts
Armour
 m - the +2 hat of the Weaver (worn) {Str+9 Int+2}
   (You acquired it on level 9 of the Dungeon)

   Str:       It affects your strength (+9).
   Int:       It affects your intelligence (+2).
 o - a +0 cloak (worn)
 x - a +2 pair of boots (worn)
 J - a +2 pair of gloves (worn)
 Q - +0 acid dragon scales
 R - a +0 plate armour
 V - a +3 scale mail of willpower (worn)
Jewellery
 G - an amulet of guardian spirit (around neck)
 H - a +4 ring of protection (left hand)
 L - a ring of ice
 N - a +6 ring of dexterity (right hand)
 P - a ring of poison resistance
 U - an amulet of magic regeneration
Wands
 C - a wand of iceblast (10)
Scrolls
 j - a scroll of blinking
 l - 3 scrolls of enchant armour
 n - 5 scrolls of immolation
 p - 3 scrolls of teleportation
 q - a scroll of enchant weapon
 v - 3 scrolls of magic mapping {unknown}
 F - a scroll of amnesia {unknown}
 K - a scroll of holy word {unknown}
 M - a scroll of silence {unknown}
 O - a scroll of noise {unknown}
 T - a scroll of vulnerability {unknown}
Potions
 e - 5 potions of curing
 f - a potion of magic
 r - 2 potions of attraction
 s - 3 potions of lignification {unknown}
 w - 2 potions of might
 B - a potion of resistance
 D - a potion of mutation
 E - a potion of berserk rage
 I - a potion of flight {unknown}
 S - 2 potions of heal wounds


   Skills:
 + Level 12.3 Fighting
 + Level 11.5(12.6) Axes
 + Level 8.4(11.1) Maces & Flails
 + Level 3.1 Throwing
 + Level 11.8 Armour
 + Level 10.0 Dodging
 + Level 2.1 Stealth
 - Level 4.6 Shields


You had 11 spell levels left.
You didn't know any spells.
Your spell library contained the following spells:

 Spells                   Type           Power      Damage    Failure   Level
 Blink                    Tloc           0%         N/A       82%         2
 Corpse Rot               Necr/Air       0%         N/A       82%         2
 Poisonous Vapours        Pois/Air       0%         N/A       82%         2
 Animate Dead             Necr           0%         N/A       100%        4
 Leda's Liquefaction      Hex/Erth       0%         N/A       100%        4
 Petrify                  Tmut/Erth      0%         N/A       100%        4
 Borgnjor's Vile Clutch   Necr/Erth      0%         N/A       100%        5
 Lee's Rapid Deconstruct  Erth           0%         3d5*      100%        5
 Manifold Assault         Tloc           0%         N/A       100%        5
 Iron Shot                Conj/Erth      0%         9d1       100%        6
 Statue Form              Tmut/Erth      0%         N/A       100%        6
 Haunt                    Necr/Summ      0%         N/A       100%        7
 Storm Form               Tmut/Air       0%         N/A       100%        7
 Infestation              Necr           0%         N/A       100%        8
 Shatter                  Erth           0%         3d5*      100%        9


Dungeon Overview and Level Annotations

Branches:
Dungeon (11/15)            Temple (1/1) D:4            Lair (0/6) D:9
  Sewer (visited)
    Orc: D:9-12

Altars:
Ashenzari
Cheibriados
Dithmenos
Elyvilon
Fedhas
Gozag
Hepliaklqana
Kikubaaqudgha
Makhleb
Nemelex Xobeh
Okawaru
Qazlal
Ru
Sif Muna
Trog
Uskayaw
Vehumet
Wu Jian
Xom
Yredelemnul
Zin
The Shining One

Shops:
D:2 (   D:6 [

Annotations:
D:5 scrolls behind grate
D:9 4 runed translucent doors
D:11 Snorg


Innate Abilities, Weirdness & Mutations

You have a pair of horns on your head.
You reflexively headbutt those who attack you in melee.
You are dopey. (Int -2)


Message History

Unknown command.
You completely miss Snorg. You headbutt Snorg!
Snorg is lightly wounded.
You barely miss the centaur warrior zombie.
You slice the centaur warrior zombie!!
You destroy the centaur warrior zombie!
Trog accepts your kill. Snorg bites you but does no damage.
Snorg closely misses you. Snorg barely misses you.
The centaur warrior zombie barely misses you.
The centaur warrior zombie completely misses you.
Snorg bites you!! Snorg claws you but does no damage. Snorg claws you!
You slash Snorg! You headbutt Snorg.
Snorg is lightly wounded.
You barely miss the centaur warrior zombie.
The centaur warrior zombie hits you but does no damage.
The centaur warrior zombie kicks you but does no damage.
Snorg bites you!! Snorg claws you! Snorg misses you.
The centaur warrior zombie hits you but does no damage.
The centaur warrior zombie kicks you but does no damage.
You slash Snorg! Your headbutt misses Snorg.
Snorg is moderately wounded.
You slash the centaur warrior zombie! Snorg bites you! Snorg claws you.
Snorg claws you but does no damage.
The centaur warrior zombie barely misses you.
You furiously retaliate!
You headbutt the centaur warrior zombie, but do no damage.
The centaur warrior zombie kicks you but does no damage.
Snorg barely misses you. Snorg misses you. Snorg closely misses you.
You slash Snorg!
Snorg is moderately wounded.
You slice the centaur warrior zombie!! Snorg bites you!
* * * LOW HITPOINT WARNING * * *
Snorg claws you but does no damage. Snorg claws you!
* * * LOW HITPOINT WARNING * * *
The centaur warrior zombie misses you. You furiously retaliate!
You headbutt the centaur warrior zombie, but do no damage.
The centaur warrior zombie kicks you but does no damage.
Snorg bites you!!
You die...

#........ .##.
.......... ..#. .
#........ .... ..##
#....... .... ....###
...... ........
......##..#.## #..# #.
#......##..# ...# ##
#..Z......###.## #
#..@......#....# #
#..T#..........## ##
.....##.#.........###.
.......
######......##..
....... #.........##.
#.....# #..........#.
#..### #..........##
##. ###..#.......
##.######..


You could see Snorg (berserk) and a centaur warrior zombie.

Vanquished Creatures
  Harold (D:11)
  3 two-headed ogres
  The ghost of fragbeetle the Transmogrifier, a novice MfTm (D:8)
  Pikel (D:4)
  A wolf spider (D:10)
  A manticore (D:9)
  An ugly thing (D:10)
  Maggie (D:7)
  2 komodo dragons
  A hornet (D:8)
  A ynoxinul (D:8)
  Sigmund (D:6)
  A wyvern (D:10)
  A shadow (D:10)
  15 yaks
  A basilisk (D:10)
  A steam dragon (D:8)
  4 vampire mosquitoes
  Menkaure (D:6)
  Edmund (D:5)
  An acid dragon (D:8)
  5 water moccasins
  4 orc warriors
  A sky beast (D:5)
  Duvessa (D:4)
  2 hornet zombies (D:8)
  A black bear (D:8)
  An ice beast (D:6)
  2 ogres
  5 centaurs
  A lemure (D:4)
  8 kobold brigands
  7 bullfrogs
  3 scorpions
  2 gnoll sergeants
  A water moccasin zombie (D:5)
  A wyvern skeleton (D:6)
  Dowan (D:4)
  A killer bee (D:10)
  4 wights
  A howler monkey (D:9)
  7 centaur zombies
  2 hounds
  2 orc priests
  2 jellies
  A centaur skeleton (D:3)
  6 iguanas
  Ijyb (D:3)
  6 orc wizards
  A hound skeleton (D:5)
  A howler monkey zombie (D:8)
  Robin (D:4)
  14 gnolls
  6 adders
  A howler monkey skeleton (D:9)
  2 river rats (Sewer)
  A shadow imp (D:7)
  An ufetubus (D:4)
  An adder skeleton (D:5)
  4 worms
  2 dart slugs
  19 orcs
  13 ball pythons
  8 endoplasms
  7 giant cockroaches
  16 goblins
  12 hobgoblins
  4 jackals (D:1)
  2 quokkas (D:1)
  4 bats
  4 frilled lizards
  17 kobolds
  14 rats
  A bush (D:8)
276 creatures vanquished.

Vanquished Creatures (collateral kills)
  Erolcha (D:9)
  2 bullfrogs (D:9)
  A scorpion (D:9)
4 creatures vanquished.

Vanquished Creatures (others)
  An orc (D:8)
  32 fungi (D:9)
  39 plants
72 creatures vanquished.

Grand Total: 352 creatures vanquished

Notes
Turn   | Place    | Note
-------+----------+-------------------------------------------
     0 | D:1      | snetch the Minotaur Berserker began the quest for the Orb.
     0 | D:1      | Reached XP level 1. HP: 19/19 MP: 0/0
   292 | D:1      | Reached XP level 2. HP: 27/27 MP: 1/1
   462 | D:1      | Reached skill level 4 in Fighting
   661 | D:1      | Reached XP level 3. HP: 33/33 MP: 2/2
   688 | D:2      | Reached ** piety under Trog
   722 | D:3      | Noticed Ijyb
   752 | D:3      | Killed Ijyb
   876 | D:3      | Found a burning altar of Makhleb.
   911 | D:3      | Reached XP level 4. HP: 33/40 MP: 1/3
  1183 | D:3      | Reached XP level 5. HP: 41/47 MP: 2/4
  1187 | D:3      | Reached skill level 5 in Axes
  1364 | D:4      | Noticed Duvessa
  1365 | D:4      | Noticed Dowan
  1382 | D:4      | Killed Duvessa
  1383 | D:4      | Reached XP level 6. HP: 53/53 MP: 3/5
  1390 | D:4      | Killed Dowan
  1409 | D:4      | Noticed Robin
  1414 | D:4      | Reached skill level 5 in Armour
  1418 | D:4      | Killed Robin
  1537 | D:4      | Found a glowing drain.
  1550 | Sewer    | Entered a sewer
  1603 | Sewer    | Reached *** piety under Trog
  1730 | Sewer    | Reached XP level 7. HP: 46/60 MP: 4/6
  1855 | Sewer    | Reached skill level 5 in Fighting
  2062 | Sewer    | Reached skill level 1 in Throwing
  2209 | Sewer    | Gained mutation: You are dopey. (Int -2) [potion of
                  | mutation]
  2212 | Sewer    | Reached skill level 9 in Fighting
  2212 | Sewer    | Reached skill level 10 in Armour
  2212 | Sewer    | Reached XP level 8. HP: 79/79 MP: 7/7
  2485 | D:5      | Entered Level 5 of the Dungeon
  2518 | D:5      | Reached skill level 10 in Fighting
  2987 | D:4      | Found a staircase to the Ecumenical Temple.
  2997 | Temple   | Entered the Ecumenical Temple
  3290 | D:4      | Noticed Pikel
  3322 | D:4      | Killed Pikel
  3323 | D:4      | Reached XP level 9. HP: 38/85 MP: 3/8
  4002 | D:2      | Found Dyhim's Weapon Boutique.
  4359 | D:2      | Found a faded altar of an unknown god.
  4677 | D:3      | Reached **** piety under Trog
  5569 | D:5      | Reached skill level 1 in Maces & Flails
  5569 | D:5      | Reached skill level 1 in Shields
  5577 | D:6      | Noticed Menkaure
  5589 | D:6      | Killed Menkaure
  5732 | D:5      | Found a white marble altar of Elyvilon.
  5888 | D:5      | Found a glowing silver altar of Zin.
  5992 | D:5      | Noticed Edmund
  6004 | D:5      | Killed Edmund
  6091 | D:6      | Noticed Sigmund
  6106 | D:6      | Killed Sigmund
  6562 | D:7      | Noticed a two-headed ogre
  6572 | D:7      | Killed a two-headed ogre
  6891 | D:6      | Reached XP level 10. HP: 94/94 MP: 9/9
  6896 | D:6      | Found a shadowy altar of Dithmenos.
  6898 | D:6      | Found an opulent altar of Gozag.
  6900 | D:6      | Found a hazy altar of Hepliaklqana.
  6900 | D:6      | Found an iron altar of Okawaru.
  7044 | D:6      | Found Offausas's Antique Armour Emporium.
  7052 | D:6      | Bought a pair of glowing gloves for 180 gold pieces
  7069 | D:6      | Reached skill level 5 in Maces & Flails
  7663 | D:7      | Noticed Maggie
  7676 | D:7      | Killed Maggie
  8402 | D:8      | Found a runed translucent door.
  8404 | D:8      | Noticed fragbeetle's ghost (novice MfTm)
  8626 | D:9      | Reached skill level 1 in Stealth
  8648 | D:9      | Found a large runed translucent door.
  8752 | D:9      | Reached skill level 11 in Fighting
  8757 | D:9      | Found a staircase to the Lair.
  8767 | D:9      | Noticed Erolcha
  8781 | D:9      | Killed Erolcha
  9067 | D:8      | Reached XP level 11. HP: 102/102 MP: 10/10
  9204 | D:8      | Killed fragbeetle's ghost
  9239 | D:8      | Got the Tome of the Rocks
  9471 | D:8      | Identified a scroll of acquirement
  9472 | D:8      | Acquired the +8 Wrath of Trog {antimagic, *Rage Rampage}
  9472 | D:8      | Found the +8 Wrath of Trog {antimagic, *Rage Rampage}
  9553 | D:9      | Acquired the +2 hat of the Weaver {Str+9 Int+2}
  9575 | D:10     | Entered Level 10 of the Dungeon
  9602 | D:9      | Upgraded the game from 0.28-a0-1159-g27aa881441 to
                  | 0.28-a0-1184-g53156a8862
  9672 | D:9      | Noticed a deep elf pyromancer
  9672 | D:9      | Noticed a deep elf pyromancer
  9674 | D:9      | Found a large runed translucent door.
  9674 | D:9      | Found a large runed translucent door.
  9675 | D:9      | Found a large runed translucent door.
  9744 | D:9      | Noticed a two-headed ogre
  9747 | D:9      | Noticed a two-headed ogre
  9749 | D:9      | Killed a two-headed ogre
  9753 | D:9      | Killed a two-headed ogre
  9772 | D:9      | Reached skill level 10 in Dodging
 10465 | D:10     | Reached skill level 12 in Fighting
 10583 | D:10     | Noticed a green ugly thing
 10590 | D:10     | Killed a green ugly thing
 10590 | D:10     | Reached ***** piety under Trog
 10752 | D:10     | Noticed a wolf spider
 10755 | D:10     | Killed a wolf spider
 10756 | D:10     | Reached skill level 10 in Axes
 10852 | D:10     | Reached XP level 12. HP: 97/112 MP: 2/11
 11016 | D:10     | Found a blossoming altar of Fedhas.
 11117 | D:11     | Noticed Harold
 11121 | D:11     | Killed Harold
 11154 | D:11     | Noticed Snorg
 11162 | D:11     | Slain by Snorg

Illustrated notes

Levels and vault maps discovered:
D:1:      lemuel_arrival_room, layout_loops_corners
D:2:      layout_loops_ring, serial_shops, nicolae_shop_bloodbath_and_beyond,
          hellmonk_ecumenical_altar_blasted, grunt_ministairs_10,
          wander_ebering_terrifying_dragon_lair
D:3:      layout_loops_ring, lemuel_doored_altar, hex_tiny,
          hangedman_feature_mirror, uniq_ijyb
D:4:      layout_loops_cross, minmay_temple_entry_from_below_b,
          portal_sewer_entry_e, hex_large, uniq_duvessa, uniq_pikel, uniq_robin
D:5:      layout_loops_corners, zin_scriptorium, kennysheep_little_box,
          uniq_edmund
D:6:      layout_cave_pods, grunt_temple_overflow_open, serial_shops, shop,
          serial_rivers, chequers_serial_rivers_micro_c,
          chequers_serial_rivers_marsh, chequers_serial_rivers_marsh,
          chequers_serial_rivers_micro_e, minivault_23, minmay_holes,
          minivault_5, uniq_menkaure, uniq_sigmund
D:7:      layout_cave_pools, uniq_maggie
D:8:      layout_loops_ring, serial_rivers, chequers_serial_rivers_room_b,
          chequers_serial_rivers_room_b, chequers_serial_rivers_small_b,
          chequers_serial_rivers_micro_c, hellmonk_ghost_big_iron
D:9:      layout_rooms, due_lair_maze_entry_diamond,
          hangedman_abyss_or_decor_passed, minmay_hollow_rounded_squares,
          uniq_erolcha
D:10:     minmay_the_grid_3x3 [minmay_the_grid_zigzag_pyramid,
          minmay_the_grid_eight, minmay_the_grid_spikes,
          minmay_the_grid_outer_diamond, minmay_the_grid_x,
          minmay_the_grid_large_cup, minmay_the_grid_stretched_grid,
          minmay_the_grid_spin_star, minmay_the_grid_prize_diamond_cup],
          layout_loops_corners, fedhas_ov_isle_minmay
D:11:     layout_cave_pools, orc_0_dummy, ebering_ghost_gozag,
          gauntlet_entry_generic, uniq_fannar, uniq_snorg, uniq_harold
Temple:   eino_temple_water

Skill      XL: |  1  2  3  4  5  6  7  8  9 10 11 12 |
---------------+-------------------------------------+-----
Axes           | 4 5 6 7 10 11 | 11.5
Fighting       | 4 9 10 11 12 | 12.3
Armour         | 3 4 5 10 11 | 11.8
Dodging        | 3 8 9 10 | 10.0
Throwing       | 1 2 3 |  3.1
Maces & Flails | 4 7 8 |  8.4
Shields        | 2 4 |  4.6
Stealth        | 1 2 |  2.1

Action                   |  1- 3 |  4- 6 |  7- 9 | 10-12 || total
-------------------------+-------+-------+-------+-------++-------
Melee: Hand axe          |    78 |   123 |    82 |       ||   283
       Headbutt          |    12 |    26 |    47 |   108 ||   193
       Whip              |       |       |   101 |       ||   101
       Flail             |       |       |    36 |   217 ||   253
       War axe           |       |       |       |    14 ||    14
       Battleaxe         |       |       |       |   110 ||   110
Throw: Stone             |       |    29 |    20 |    14 ||    63
       Dart              |       |       |       |    10 ||    10
Invok: Trog's Hand       |       |     3 |     3 |     1 ||     7
       Berserk           |       |     1 |     3 |     1 ||     5
       Brothers in Arms  |       |       |       |     1 ||     1
  Use: Potion            |       |       |     9 |       ||     9
       Scroll            |       |       |     4 |     7 ||    11
 Stab: Sleeping          |     1 |       |       |       ||     1
       Distracted        |       |       |       |     1 ||     1
Armor: Scale mail        |    31 |    60 |    52 |    14 ||   157
       Animal skin       |     1 |       |       |       ||     1
       Chain mail        |       |       |    21 |    70 ||    91
       Steam dragon scal |       |       |       |    57 ||    57
       Plate armour      |       |       |       |    76 ||    76
       Acid dragon scale |       |       |       |    20 ||    20
Dodge: Dodged            |    47 |    85 |   100 |   243 ||   475
Block: Kite shield       |       |       |    66 |    97 ||   163

Table legend: (Time is in decaauts)
 A = Elapsed time spent in this place.
 B = Non-inter-level travel time spent in this place.
 C = Inter-level travel time spent in this place.
 D = Time resting spent in this place.
 E = Time spent auto-exploring this place.
 F = Levels seen in this place.
 G = Mean time per level.
                   A        B        C        D        E       F      G
               +--------+--------+--------+--------+--------+-----+--------+
         Total |  11604 |  11216 |    388 |      8 |   7638 |  13 |  892.6 |
       Dungeon |  10716 |  10334 |    382 |      8 |   7217 |  11 |  974.2 |
        Temple |    121 |    115 |      6 |      0 |     17 |   1 |  121.0 |
         Sewer |    766 |    766 |      0 |      0 |    403 |   1 |  766.0 |
               +--------+--------+--------+--------+--------+-----+--------+

Top non-repeatable levels by time:
     D:5: 1575 daAuts
     D:8: 1292 daAuts
     D:1: 1243 daAuts
     D:6: 1115 daAuts
     D:4: 1063 daAuts
     D:9: 986 daAuts
    D:10: 977 daAuts
     D:2: 953 daAuts
     D:3: 814 daAuts
   Sewer: 766 daAuts
     D:7: 632 daAuts
  Temple: 121 daAuts
    D:11: 64 daAuts
